 Dungeon Crawl Stone Soup version 0.26.1-11-gd32895ea62 (webtiles) character file.

Game seed: 4500287236587552228

140 MisterFreud the Covert (level 5, -2/47 HPs)
             Began as a Gnoll Delver on May 17, 2021.
             Slain by a water moccasin skeleton (4 damage)
             ... on level 5 of the Dungeon.
             The game lasted 00:01:49 (500 turns).

MisterFreud the Covert (Gnoll Delver)                Turns: 500, Time: 00:01:50

Health: -2/47      AC:  7    Str: 14    XL:     5   Next: 23%
Magic:  7/7        EV: 14    Int: 13    God:
Gold:   0          SH:  0    Dex: 17    Spells: 6/6 levels left

rFire    . . .     SeeInvis .   a - +0 short sword
rCold    . . .     Faith    .   (no shield)
rNeg     . . .     Spirit   .   b - +0 leather armour
rPois    .         Reflect  .   (no helmet)
rElec    .         Harm     .   (no cloak)
rCorr    .         Rampage  .   (no gloves)
Will     .....                  (no boots)
Stlth    ++++......             (no amulet)
HPRegen  0.15/turn              h - +4 ring of protection
MPRegen  0.10/turn              (no ring)

@: no status effects
A: distributed training, fangs 1, strong nose
a: no special abilities


You were on level 5 of the Dungeon.
You visited 1 branch of the dungeon, and saw 2 of its levels.

Inventory:

Hand Weapons
 a - a +0 short sword (weapon)
Armour
 b - a +0 leather armour (worn)
Jewellery
 h - a +4 ring of protection (left hand)
Wands
 g - a wand of digging (3)
Scrolls
 c - a scroll of fog
 d - a scroll of magic mapping
 e - a scroll of fear
Potions
 f - a potion of haste


   Skills:
 + Level 6.6 Fighting
 + Level 4.7 Short Blades
 + Level 1.4 Long Blades
 + Level 1.4 Axes
 + Level 1.4 Maces & Flails
 + Level 1.4 Polearms
 + Level 1.4 Staves
 + Level 1.4 Slings
 + Level 1.4 Bows
 + Level 1.4 Crossbows
 + Level 1.4 Throwing
 + Level 1.4 Armour
 + Level 4.7 Dodging
 + Level 9.6 Stealth
 + Level 1.4 Shields
 + Level 1.4 Unarmed Combat
 + Level 1.4 Spellcasting
 + Level 1.1 Conjurations
 + Level 1.1 Hexes
 + Level 1.1 Summonings
 + Level 1.1 Necromancy
 + Level 1.1 Translocations
 + Level 1.1 Transmutations
 + Level 1.1 Fire Magic
 + Level 1.1 Ice Magic
 + Level 1.1 Air Magic
 + Level 1.1 Earth Magic
 + Level 1.1 Poison Magic
 + Level 1.5 Invocations
 + Level 1.4 Evocations


You had 6 spell levels left.
You didn't know any spells.
Your spell library was empty.

Dungeon Overview and Level Annotations

Branches:
Dungeon (5/15)             Temple (0/1) D:5

Altars:
Qazlal

Shops:
D:5 [


Innate Abilities, Weirdness & Mutations

Your experience applies equally to all skills.
You have very sharp teeth.
Your uncanny sense of smell can sniff out nearby items.


Message History

You bite the water moccasin skeleton, but do no damage.
The water moccasin skeleton is severely damaged.
The water moccasin skeleton misses you.
You barely miss the water moccasin skeleton.
The water moccasin skeleton is severely damaged.
The water moccasin skeleton bites you but does no damage.
You hit the water moccasin skeleton but do no damage.
The water moccasin skeleton is severely damaged.
The water moccasin skeleton misses you.
You barely miss the water moccasin skeleton.
The water moccasin skeleton is severely damaged.
The water moccasin skeleton bites you.
* * * LOW HITPOINT WARNING * * *
You hit the water moccasin skeleton.
The water moccasin skeleton is almost destroyed.
The water moccasin skeleton bites you.
* * * LOW HITPOINT WARNING * * *
Okay, then.
The water moccasin skeleton bites you.
You die...

#..##..#..##.#####
.................#
.......#..#..#...#
#.###..#.######.##
#.# #..#.# §#.#§
#)# #..#.# §#.#§
#Z# #..#.# §§#.#§
#Z# #..#.# §§#_#§
#@# #..#.# §§§###§
##..##.###..#.#
...∩...........#
........########
####.#### #. . .
##


You could see a leopard gecko skeleton and a water moccasin skeleton.

Vanquished Creatures
  A bullfrog skeleton (D:5)
  A hound (D:5)
  A worker ant (D:5)
  4 gnolls (D:5)
  2 adders (D:5)
  A dart slug (D:5)
  A giant cockroach (D:5)
11 creatures vanquished.

Notes
Turn   | Place    | Note
-------+----------+-------------------------------------------
     0 | D:5      | Reached skill level 9 in Stealth
     0 | D:5      | MisterFreud the Gnoll Delver began the quest for the Orb.
     0 | D:5      | Reached XP level 1. HP: 23/23 MP: 1/1
    69 | D:4      | Noticed an ogre
   118 | D:5      | Reached XP level 2. HP: 21/29 MP: 2/2
   307 | D:5      | Reached skill level 1 in Invocations
   307 | D:5      | Reached XP level 3. HP: 26/35 MP: 2/4
   331 | D:5      | Reached skill level 1 in Long Blades
   331 | D:5      | Reached skill level 1 in Axes
   331 | D:5      | Reached skill level 1 in Maces & Flails
   331 | D:5      | Reached skill level 1 in Polearms
   331 | D:5      | Reached skill level 1 in Staves
   331 | D:5      | Reached skill level 1 in Slings
   331 | D:5      | Reached skill level 1 in Bows
   331 | D:5      | Reached skill level 1 in Crossbows
   331 | D:5      | Reached skill level 1 in Throwing
   331 | D:5      | Reached skill level 1 in Armour
   331 | D:5      | Reached skill level 1 in Shields
   331 | D:5      | Reached skill level 1 in Unarmed Combat
   331 | D:5      | Reached skill level 1 in Spellcasting
   331 | D:5      | Reached skill level 1 in Evocations
   331 | D:5      | Reached XP level 4. HP: 34/41 MP: 3/5
   414 | D:5      | Reached skill level 1 in Conjurations
   414 | D:5      | Reached skill level 1 in Hexes
   414 | D:5      | Reached skill level 1 in Summonings
   414 | D:5      | Reached skill level 1 in Necromancy
   414 | D:5      | Reached skill level 1 in Translocations
   414 | D:5      | Reached skill level 1 in Transmutations
   414 | D:5      | Reached skill level 1 in Fire Magic
   414 | D:5      | Reached skill level 1 in Ice Magic
   414 | D:5      | Reached skill level 1 in Air Magic
   414 | D:5      | Reached skill level 1 in Earth Magic
   414 | D:5      | Reached skill level 1 in Poison Magic
   426 | D:5      | Found a staircase to the Ecumenical Temple.
   438 | D:5      | Found a stormy altar of Qazlal.
   455 | D:5      | Found Foaroseo's Armour Emporium.
   472 | D:5      | Reached XP level 5. HP: 28/47 MP: 6/6
   498 | D:5      | HP: 2/47 [water moccasin skeleton (3)]
   500 | D:5      | Slain by a water moccasin skeleton

Illustrated notes

Levels and vault maps discovered:
D:4:      layout_basic, bloody_trog, okawaru_gym_becter
D:5:      layout_basic, minmay_temple_entry_grid, gammafunk_ghost_smash,
          serial_shops, shop, shop, kennysheep_little_box, shop_statue,
          nicolae_qazlal_eye_of_the_storm

Skill      XL: |  1  2  3  4 |
---------------+-------------+-----
Stealth        | |  9.6
Invocations    | 1 |  1.5
Long Blades    | 1 |  1.4
Axes           | 1 |  1.4
Maces & Flails | 1 |  1.4
Polearms       | 1 |  1.4
Staves         | 1 |  1.4
Slings         | 1 |  1.4
Bows           | 1 |  1.4
Crossbows      | 1 |  1.4
Throwing       | 1 |  1.4
Armour         | 1 |  1.4
Shields        | 1 |  1.4
Unarmed Combat | 1 |  1.4
Spellcasting   | 1 |  1.4
Evocations     | 1 |  1.4
Conjurations   | 1 |  1.1
Hexes          | 1 |  1.1
Summonings     | 1 |  1.1
Necromancy     | 1 |  1.1
Translocations | 1 |  1.1
Transmutations | 1 |  1.1
Fire Magic     | 1 |  1.1
Ice Magic      | 1 |  1.1
Air Magic      | 1 |  1.1
Earth Magic    | 1 |  1.1
Poison Magic   | 1 |  1.1
Fighting       | |  6.6
Short Blades   | |  4.7
Dodging        | |  4.7

Action                   |  1- 3 |  4- 6 || total
-------------------------+-------+-------++-------
Melee: Short sword       |    57 |    50 ||   107
       Bite              |     8 |     6 ||    14
       Punch             |       |     1 ||     1
 Stab: Sleeping          |       |     1 ||     1
Armor: Leather armour    |    15 |     9 ||    24
Dodge: Dodged            |    42 |    23 ||    65
